 Seeded DCSS version 0.28.0-62-gf88900778d (webtiles) character file.

Game seed: 13615632865537714374 (custom seed)

158 cbfl8 the Chopper (level 5, 48/51 HPs)
             Began as a Minotaur Fighter on Mar 12, 2024.
             Quit the game on level 4 of the Dungeon.
             The game lasted 00:02:54 (2619 turns).

cbfl8 the Chopper (Minotaur Fighter)                Turns: 2619, Time: 00:02:54

Health: 48/51      AC: 10    Str: 21    XL:     5   Next: 16%
Magic:  4/4        EV: 11    Int:  5    God:
Gold:   183        SH:  4    Dex: 11    Spells: 4/4 levels left

rFire   + . .      SeeInvis .   a - +0 war axe
rCold   + . .      Faith    .   c - +0 buckler
rNeg    . . .      Spirit   .   i - +0 chain mail
rPois   .          Reflect  .   (helmet restricted)
rElec   .          Harm     .   b - scarf {rC+ rF+}
rCorr   .          Rampage  .   (no gloves)
Will    +....                   r - +0 pair of boots
Stlth   ..........              (no amulet)
HPRegen 0.17/turn               j - +4 ring of evasion
MPRegen 0.09/turn               p - ring of willpower

@: no status effects
A: horns 2, retaliatory headbutt, robust 1
a: no special abilities


You were on level 4 of the Dungeon.
You visited 1 branch of the dungeon, and saw 4 of its levels.

You collected 183 gold pieces.

Inventory:

Hand Weapons
 a - a +0 war axe (weapon)
Armour
 b - a scarf of resistance (worn)
 c - a +0 buckler (worn)
 i - a +0 chain mail (worn)
 r - a +0 pair of boots (worn)
Jewellery
 j - a +4 ring of evasion (left hand)
 k - a ring of ice
 p - a ring of willpower (right hand)
Scrolls
 e - 3 scrolls of teleportation {unknown}
 f - a scroll of fear
 g - a scroll of immolation
 h - a scroll of vulnerability {unknown}
Potions
 d - 2 potions of might
 l - a potion of flight
 m - a potion of lignification
 n - 2 potions of ambrosia


   Skills:
 + Level 4.4 Fighting
 + Level 4.7 Axes
 + Level 4.1 Armour
 + Level 4.1 Shields
 * Level 1.5 Evocations


You had 4 spell levels left.
You didn't know any spells.
Your spell library contained the following spells:

 Spells                   Type           Power      Damage    Failure   Level
 Dispersal                Tloc           0%         N/A       100%        6
 Disjunction              Tloc           0%         N/A       100%        8


Dungeon Overview and Level Annotations

Branches:
Dungeon (4/15)
 Temple: D:4-7

Altars:
Yredelemnul

Shops:
D:3 :


Innate Abilities, Weirdness & Mutations

You have a pair of horns on your head.
You reflexively headbutt those who attack you in melee.
You are robust. (+10% HP)


Message History

Unknown command.
An orc comes into view. It is wielding a +0 short sword.
Things that are here:
a +0 dagger; a goblin corpse Unknown command. 2 orcs come into view.
The orc shouts! x2
You block the orc's attack.
The orc moves out of view.
Unknown command.
You hit the orc but do no damage. You headbutt the orc.
The orc is lightly wounded.
The orc misses you. You furiously retaliate!
You headbutt the orc!
You kill the orc!
Unknown command.
Found 14 stones.
An orc priest comes into view. It is wielding a +5 dagger.
You see here a +0 whip.
Unknown command.
The orc priest shouts!
The orc hits you with a +0 short sword.
An endoplasm comes into view.
The orc hits you but does no damage.
Unknown command.
Unknown command.
You barely miss the orc. You closely miss the orc. The orc closely misses you.
The orc hits you but does no damage.
The orc priest looks satisfied for a moment.
Unknown command.
You slash the orc!
You kill the orc!
You hit the orc but do no damage. x2; The orc misses you.
The orc hits you but does no damage. The orc barely misses you.
Unknown command.
You hit the orc.
The orc is moderately wounded.
You slash the orc!
You kill the orc!
You block the orc's attack.
Unknown command.
Are you sure you want to abandon this character and quit the game? (Confirm with "yes".)

...# ## ...##..####
...##......
.........#######
............?[.##
†.....#.........### .
...#..#...........###...
.#.......$......#)....#
.#.###.......).)@oo#
...# #...>...)...)J...(.
...# #..........####.###
...###.........## .#
................#
.................#
..#>...............
#######.........###
#...(.....


You could see an orc priest, an orc and an endoplasm.

Vanquished Creatures
  An orc wizard (D:3)
  Robin (D:3)
  2 adders (D:2)
  2 worms (D:2)
  2 dart slugs
  8 orcs
  5 endoplasms
  3 giant cockroaches
  15 goblins
  12 hobgoblins
  3 quokkas
  7 ball pythons
  7 bats
  3 frilled lizards (D:1)
  3 kobolds
  4 rats
78 creatures vanquished.

Notes
Turn   | Place    | Note
-------+----------+-------------------------------------------
     0 | D:1      | cbfl8 the Minotaur Fighter began the quest for the Orb.
     0 | D:1      | Reached XP level 1. HP: 19/19 MP: 0/0
   350 | D:1      | Reached XP level 2. HP: 23/27 MP: 1/1
   807 | D:1      | Reached XP level 3. HP: 33/33 MP: 2/2
  1028 | D:2      | Reached skill level 1 in Evocations
  1049 | D:2      | Found a basalt altar of Yredelemnul.
  1324 | D:2      | Reached XP level 4. HP: 40/40 MP: 3/3
  1896 | D:3      | Noticed Robin
  2045 | D:3      | Killed Robin
  2136 | D:3      | Found a faded altar of an unknown god.
  2218 | D:3      | Found Syilojul's Book Shop.
  2230 | D:3      | Reached XP level 5. HP: 42/47 MP: 4/4
  2582 | D:4      | Gained mutation: Your mind is acute. (Int +2) [potion of
                  | mutation]
  2582 | D:4      | Lost mutation: Your mind is acute. (Int +2) [potion of
                  | mutation]
  2582 | D:4      | Gained mutation: You are robust. (+10% HP) [potion of
                  | mutation]
  2619 | D:4      | Quit the game

Illustrated notes

Levels and vault maps discovered:
D:1:      minmay_arrival_widening_spiral_narrow, layout_rooms,
          corexii_item_surrounded_by_moat, kennysheep_pointless_box,
          nrook_mini_backslash, serial_park_tiny_pond, minmay_statues_item,
          chequers_decorated_corner
D:2:      layout_loops_ring, basic_altar
D:3:      layout_rooms, serial_shops, nicolae_shop_behind_doors,
          hellmonk_ecumenical_altar_leap_of_faith, corner_web_ring, uniq_robin
D:4:      layout_rooms, nicolae_overflow_crystal_walls,
          mainiacjoe_overflow_cross_hatched

Skill      XL: |  1  2  3  4 |
---------------+-------------+-----
Fighting       | 4 |  4.4
Axes           | 3 4 |  4.7
Evocations     | 1 |  1.5
Armour         | 4 |  4.1
Shields        | 4 |  4.1

Action                   |  1- 3 |  4- 6 || total
-------------------------+-------+-------++-------
Melee: War axe           |    97 |    64 ||   161
       Headbutt          |    14 |     8 ||    22
  Use: Scroll            |     1 |     7 ||     8
       Potion            |       |     1 ||     1
Armor: Scale mail        |    29 |       ||    29
       Chain mail        |    35 |    36 ||    71
Dodge: Dodged            |    44 |    39 ||    83
Block: Buckler           |    24 |    18 ||    42
